[Event "Ruy Lopez U1400"]
[Site "Gatineau CAN"]
[Date "2022.11.01"]
[Round "1"]
[White "Levesque, Sabin"]
[Black "Sosa, Byron"]
[Result "0-1"]
[ECO "D00"]
[WhiteElo "962"]
[BlackElo "1092"]
[PlyCount "68"]
[EventDate "2022.11.01"]
[EventType "swiss"]
[EventRounds "7"]
[EventCountry "CAN"]
[TimeControl "60+30"]

1. d4 d5 2. Nf3 Nc6 3. Bf4 f6 4. c3 Bf5 5. e3 e6 6. Bd3 Nge7 7. Nh4 g6 8. O-O
Qd7 9. Qe2 Bxd3 10. Qxd3 O-O-O 11. Na3 a6 12. c4 g5 13. Bxc7 Qxc7 14. c5 gxh4
15. e4 Ng6 16. exd5 exd5 17. Qf5+ Qd7 18. Qxd7+ Rxd7 19. Rfe1 Re7 20. Re3 Rg8
21. Rae1 Nf4 22. g3 Nh5 23. Kg2 Kd7 24. Nb1 Bh6 25. Rxe7+ Nxe7 26. b4 Nf4+ 27.
Kf1 hxg3 28. hxg3 Nd3 29. Rd1 Nxb4 30. a3 Nbc6 31. Nc3 Rg4 32. Na4 Rxd4 33.
Nb6+ Kc7 34. Na8+ Kd8 0-1

[Event "Ruy Lopez U1400"]
[Site "Gatineau CAN"]
[Date "2022.11.01"]
[Round "1"]
[White "Moraga, Hernan"]
[Black "Paradis, Emile"]
[Result "0-1"]
[ECO "C77"]
[WhiteElo "1234"]
[BlackElo "1340"]
[PlyCount "62"]
[EventDate "2022.11.01"]
[EventType "swiss"]
[EventRounds "7"]
[EventCountry "CAN"]
[TimeControl "60+30"]

1. e4 e5 2. Nf3 Nc6 3. Bb5 a6 4. Ba4 Nf6 5. d3 Bc5 6. h3 d5 7. Bxc6+ bxc6 8.
Nxe5 dxe4 9. Nc3 Qd4 10. Qe2 Qxe5 11. a3 O-O 12. Bd2 Re8 13. O-O-O exd3 14.
Qxd3 Bxf2 15. g4 Bb7 16. g5 Nd5 17. Nxd5 cxd5 18. Rhf1 Bh4 19. Bf4 Bxg5 20.
Rde1 Bxf4+ 21. Kb1 Qg5 22. Rxe8+ Rxe8 23. Qd4 Be5 24. Qg4 Qxg4 25. hxg4 f6 26.
Re1 Kf7 27. c3 Bg3 28. Rd1 h5 29. Rd3 h4 30. c4 h3 31. c5 h2 0-1

[Event "Ruy Lopez U1400"]
[Site "Gatineau CAN"]
[Date "2022.11.08"]
[Round "2"]
[White "Albert, Michel"]
[Black "Godbout, Elliott"]
[Result "0-1"]
[ECO "D02"]
[WhiteElo "1253"]
[BlackElo "1370"]
[PlyCount "66"]
[EventDate "2022.11.01"]
[EventType "swiss"]
[EventRounds "7"]
[EventCountry "CAN"]
[TimeControl "60+30"]

1. d4 d5 2. Bf4 e6 3. Nf3 Nf6 4. Nbd2 Bd6 5. Bg3 b6 6. c3 Bb7 7. e3 Nbd7 8. Be2
Qe7 9. Ne5 c5 10. f4 cxd4 11. cxd4 O-O 12. O-O Bb4 13. Bd3 Rac8 14. Bh4 Bxd2
15. Qxd2 Qe8 16. Rf3 Nxe5 17. fxe5 Ne4 18. Qe2 f6 19. Ba6 Bxa6 20. Qxa6 Rc7 21.
Qe2 fxe5 22. dxe5 Qc8 23. Rff1 Rxf1+ 24. Kxf1 Rc1+ 25. Rxc1 Qxc1+ 26. Be1 Qc7
27. Qh5 g6 28. Qe2 Qxe5 29. Bg3 Qxg3 30. Qc2 Qxe3 31. Qe2 Qxe2+ 32. Kxe2 Kf7
33. Ke3 Kf6 0-1

[Event "Ruy Lopez U1400"]
[Site "Gatineau CAN"]
[Date "2022.11.08"]
[Round "2"]
[White "Arcand, Pierre"]
[Black "Gagne, Learry"]
[Result "1-0"]
[ECO "C42"]
[WhiteElo "1139"]
[BlackElo "1132"]
[PlyCount "97"]
[EventDate "2022.11.01"]
[EventType "swiss"]
[EventRounds "7"]
[EventCountry "CAN"]
[TimeControl "60+30"]

1. e4 Nf6 2. Nc3 d6 3. Nf3 e5 4. Bc4 h6 5. h3 c5 6. Bb5+ Bd7 7. Bxd7+ Qxd7 8.
O-O Nc6 9. b3 Be7 10. Bb2 O-O 11. Re1 Bd8 12. Ne2 Re8 13. Ng3 b5 14. d3 Na5 15.
a4 bxa4 16. Rxa4 Rb8 17. Bc3 Nc6 18. Qa1 a5 19. Nd2 Nb4 20. Bxb4 Rxb4 21. Rxb4
axb4 22. Nc4 d5 23. Nxe5 Qd6 24. Nf3 Qc7 25. exd5 Rxe1+ 26. Qxe1 Nxd5 27. Qe8+
Kh7 28. Qe4+ g6 29. Qxd5 Qe7 30. Ne4 Bc7 31. Qxc5 Qxc5 32. Nxc5 Bd6 33. Ne4 Be7
34. c3 bxc3 35. Nxc3 f5 36. Nd5 Bd6 37. b4 Kg7 38. b5 Kf7 39. Nd4 Ke8 40. Nc6
Kd7 41. g4 fxg4 42. hxg4 Bc5 43. d4 Bd6 44. Kg2 Ke6 45. Ne3 h5 46. gxh5 gxh5
47. d5+ Kd7 48. b6 h4 49. b7 1-0

[Event "Ruy Lopez U1400"]
[Site "Gatineau CAN"]
[Date "2022.11.08"]
[Round "2"]
[White "Arvisais, Eric"]
[Black "Bernard, Pierre-Luc"]
[Result "0-1"]
[ECO "E61"]
[WhiteElo "1190"]
[BlackElo "1202"]
[PlyCount "82"]
[EventDate "2022.11.01"]
[EventType "swiss"]
[EventRounds "7"]
[EventCountry "CAN"]
[TimeControl "60+30"]

1. d4 Nf6 2. c4 g6 3. Nc3 Bg7 4. Nf3 d6 5. Bf4 O-O 6. e3 Nbd7 7. Bd3 Nh5 8. Bg3
f6 9. O-O Nxg3 10. fxg3 e5 11. Qb3 Kh8 12. Rae1 Qe7 13. Nb5 e4 14. Nxc7 Rb8 15.
Nd5 Qe8 16. Bc2 exf3 17. gxf3 f5 18. Qd3 Nf6 19. Nf4 Bd7 20. h4 b5 21. b3 bxc4
22. Qxc4 Bb5 23. Qc7 Bxf1 24. Kxf1 Rc8 25. Qxa7 Rxc2 26. d5 Qf7 27. Qa3 Nxd5
28. Qxd6 Nxf4 29. exf4 Rxa2 30. Rb1 Ra1 31. Rxa1 Bxa1 32. Qb6 Qd5 33. Kg2 Qd2+
34. Kh3 Qd1 35. Qf2 Bd4 36. Qg2 Re8 37. g4 Re2 38. gxf5 Rxg2 39. Kxg2 gxf5 40.
b4 Qd2+ 41. Kg3 Qxb4 {fiche impossible Ã  transcrire Ã  partir de ce point} 0-1

[Event "Ruy Lopez U1400"]
[Site "Gatineau CAN"]
[Date "2022.11.08"]
[Round "2"]
[White "Boutin, Michel"]
[Black "Chenard, Paul"]
[Result "1-0"]
[ECO "C28"]
[WhiteElo "1129"]
[BlackElo "993"]
[PlyCount "77"]
[EventDate "2022.11.01"]
[EventType "swiss"]
[EventRounds "7"]
[EventCountry "CAN"]
[TimeControl "60+30"]

1. e4 Nf6 2. Nc3 Nc6 3. Bc4 e5 4. Nge2 Bc5 5. a3 O-O 6. Ng3 g6 7. O-O h5 8. Nd5
Nd4 9. c3 Ne6 10. d3 h4 11. Qf3 Nxd5 12. exd5 Nf4 13. Ne4 d6 14. Bxf4 exf4 15.
Qxf4 f5 16. Ng5 Qf6 17. Qxh4 Qh8 18. Qf4 Rf6 19. d4 Bb6 20. a4 c5 21. a5 Bc7
22. dxc5 Qg7 23. Rfe1 dxc5 24. d6+ Kf8 25. dxc7 Bd7 26. Bd5 Re8 27. Bxb7 Bc8
28. Rxe8+ Kxe8 29. Bxc8 Qe7 30. Qa4+ Kf8 31. Rd1 Rd6 32. Rxd6 Qxd6 33. Nh7+ Ke7
34. Qh4+ Kf7 35. Ng5+ Kg7 36. Ne6+ Kf7 37. Qh7+ Kf6 38. Qh8+ Ke7 39. Qf8# 1-0

[Event "Ruy Lopez U1400"]
[Site "Gatineau CAN"]
[Date "2022.11.08"]
[Round "2"]
[White "Gratton, Constant"]
[Black "Couture, Vincent"]
[Result "0-1"]
[ECO "C48"]
[WhiteElo "1252"]
[BlackElo "1367"]
[PlyCount "70"]
[EventDate "2022.11.01"]
[EventType "swiss"]
[EventRounds "7"]
[EventCountry "CAN"]
[TimeControl "60+30"]

1. e4 e5 2. Nf3 Nc6 3. Bb5 Bc5 4. Nc3 Nf6 5. d3 Ng4 6. Nd5 Nxf2 7. Qe2 Nxh1 8.
Bd2 a6 9. Bxc6 bxc6 10. Nc3 Nf2 11. h3 O-O 12. Be3 Bxe3 13. Qxe3 Nh1 14. Nxe5
Qh4+ 15. Kd2 Ng3 16. a3 Nh5 17. Rf1 Ng3 18. Rf4 Qg5 19. d4 f6 20. Qf3 Nh5 21.
Nd3 Nxf4 22. Nxf4 d6 23. Kd3 Bd7 24. b4 f5 25. exf5 Rxf5 26. Nce2 Raf8 27. g3
R5f6 28. h4 Qb5+ 29. c4 Qa4 30. Kd2 Bf5 31. Nd3 Qxa3 32. Qxc6 Qxd3+ 33. Ke1 Bg4
34. Qd5+ Kh8 35. Qg2 Re6 0-1

[Event "Ruy Lopez U1400"]
[Site "Gatineau CAN"]
[Date "2022.11.08"]
[Round "2"]
[White "Paradis, Emile"]
[Black "Fiset, Daniel"]
[Result "1-0"]
[ECO "B01"]
[WhiteElo "1340"]
[BlackElo "1363"]
[PlyCount "47"]
[EventDate "2022.11.01"]
[EventType "swiss"]
[EventRounds "7"]
[EventCountry "CAN"]
[TimeControl "60+30"]

1. e4 d5 2. exd5 Qxd5 3. Nc3 Qa5 4. Bc4 Nf6 5. Nf3 Bf5 6. d3 e6 7. a3 c6 8. Bd2
Qc7 9. O-O Be7 10. Re1 O-O 11. Ne2 Nbd7 12. Bf4 Qb6 13. Ned4 c5 14. Nxf5 Rfe8
15. Nxe7+ Rxe7 16. b3 Rae8 17. Qd2 e5 18. Bg5 Qc6 19. Bxf6 Nxf6 20. a4 a6 21.
Qc3 b5 22. axb5 axb5 23. Nxe5 Qb7 24. Bxf7+ 1-0

[Event "Ruy Lopez U1400"]
[Site "Gatineau CAN"]
[Date "2022.11.08"]
[Round "2"]
[White "Simchowitz, Wladimir"]
[Black "Gratton, Marcel"]
[Result "0-1"]
[ECO "C48"]
[WhiteElo "1135"]
[BlackElo "1102"]
[PlyCount "52"]
[EventDate "2022.11.01"]
[EventType "swiss"]
[EventRounds "7"]
[EventCountry "CAN"]
[TimeControl "60+30"]

1. e4 e5 2. Nf3 Nc6 3. Nc3 Nf6 4. Bb5 a6 5. Bxc6 bxc6 6. Nxe5 Bd6 7. d4 Bb4 8.
Bd2 Bxc3 9. Bxc3 Nxe4 10. Qg4 Nxc3 11. bxc3 O-O 12. Qh5 Qe8 13. O-O d6 14. Nc4
Be6 15. Rfe1 d5 16. Ne5 f6 17. Qxe8 Rfxe8 18. Rab1 fxe5 19. dxe5 c5 20. Rb7
Rac8 21. Ra7 Ra8 22. Rxc7 c4 23. Rc6 Bf5 24. Re2 Rab8 25. e6 Rb1+ 26. Re1 Rxe1#
0-1

[Event "Ruy Lopez U1400"]
[Site "Gatineau CAN"]
[Date "2022.11.08"]
[Round "2"]
[White "Vachon, Jean-Clement"]
[Black "Fulton, John"]
[Result "1-0"]
[ECO "B00"]
[WhiteElo "1133"]
[BlackElo "1150"]
[PlyCount "42"]
[EventDate "2022.11.01"]
[EventType "swiss"]
[EventRounds "7"]
[EventCountry "CAN"]
[TimeControl "60+30"]

1. e4 Nc6 2. d4 d6 3. Nf3 b6 4. Bc4 e6 5. Nc3 Nf6 6. O-O d5 7. exd5 exd5 8.
Re1+ Be7 9. Bb3 Bg4 10. Ba4 Bd7 11. Bg5 Be6 12. Bxc6+ Kf8 13. Bxa8 Qxa8 14. Qe2
a6 15. Bxf6 gxf6 16. Nh4 f5 17. Nxf5 Rg8 18. Nxe7 Kxe7 19. f4 c6 20. f5 Qc8 21.
fxe6 fxe6 {impossible de poursuivre la transcription} 1-0

[Event "Ruy Lopez U1400"]
[Site "Gatineau CAN"]
[Date "2022.11.15"]
[Round "3"]
[White "Couture, Vincent"]
[Black "Gratton, Marcel"]
[Result "1-0"]
[ECO "D00"]
[WhiteElo "1357"]
[BlackElo "1102"]
[PlyCount "73"]
[EventDate "2022.11.01"]
[EventType "swiss"]
[EventRounds "7"]
[EventCountry "CAN"]
[TimeControl "60+30"]

1. d4 d5 2. f4 Nf6 3. Nc3 e6 4. Nf3 Bb4 5. Bd2 h6 6. a3 Bxc3 7. Bxc3 O-O 8. e3
b6 9. Ne5 c6 10. Bd3 Nbd7 11. Nxc6 Qe8 12. Bb4 Bb7 13. Bxf8 Nxf8 14. Ne5 N8d7
15. g4 Nxe5 16. fxe5 Ne4 17. Qf3 Qe7 18. h4 Bc6 19. O-O-O a5 20. g5 g6 21. gxh6
Kh7 22. Qf4 b5 23. h5 a4 24. hxg6+ fxg6 25. Bxe4 dxe4 26. Rdg1 Rf8 27. Qg4 Qe8
28. Rh5 Rf5 29. Rxf5 exf5 30. Qg5 Qe6 31. Kb1 Be8 32. Rd1 Qc4 33. Qe7+ Qf7 34.
Qg5 Qc4 35. d5 Bf7 36. Qf6 Kxh6 37. Rh1# 1-0

[Event "Ruy Lopez U1400"]
[Site "Gatineau CAN"]
[Date "2022.11.15"]
[Round "3"]
[White "Decarufel-Lebeau, Lucas"]
[Black "Paradis, Emile"]
[Result "1/2-1/2"]
[ECO "D10"]
[WhiteElo "1389"]
[BlackElo "1340"]
[PlyCount "75"]
[EventDate "2022.11.01"]
[EventType "swiss"]
[EventRounds "7"]
[EventCountry "CAN"]
[TimeControl "60+30"]

1. d4 d5 2. c4 c6 3. e3 Nf6 4. Nc3 Bf5 5. Bd3 Bg6 6. Bxg6 hxg6 7. h3 e6 8. Qc2
Qa5 9. Bd2 Bb4 10. a3 Na6 11. c5 Ne4 12. Ra2 Bxc3 13. bxc3 Nxd2 14. Qxd2 b6 15.
Ne2 bxc5 16. O-O cxd4 17. exd4 Qc7 18. Rb2 O-O 19. Rfb1 Rab8 20. Qd3 Rxb2 21.
Rxb2 Rb8 22. Rxb8+ Nxb8 23. h4 Nd7 24. h5 gxh5 25. g3 c5 26. Nf4 h4 27. Qe3
hxg3 28. fxg3 cxd4 29. cxd4 Qd6 30. Nh3 e5 31. Ng5 exd4 32. Qe8+ Nf8 33. Qxf7+
Kh8 34. Qh5+ Kg8 35. Kh2 Qxa3 36. Qf7+ Kh8 37. Qh5+ Kg8 38. Qf7+ 1/2-1/2

[Event "Ruy Lopez U1400"]
[Site "Gatineau CAN"]
[Date "2022.11.15"]
[Round "3"]
[White "Gagne, Learry"]
[Black "Vachon, Jean-Clement"]
[Result "0-1"]
[ECO "B01"]
[WhiteElo "1132"]
[BlackElo "1133"]
[PlyCount "62"]
[EventDate "2022.11.01"]
[EventType "swiss"]
[EventRounds "7"]
[EventCountry "CAN"]
[TimeControl "60+30"]

1. e4 d5 2. exd5 Qxd5 3. Nc3 Qa5 4. Nf3 Bf5 5. d4 e6 6. Bd3 Bg6 7. O-O Nf6 8.
Bd2 c6 9. Ne4 Qc7 10. Nxf6+ gxf6 11. Bc3 Nd7 12. Re1 Nb6 13. Ba5 Qd6 14. c4 c5
15. Be4 Bxe4 16. Rxe4 Rd8 17. b3 f5 18. Re2 cxd4 19. Bxb6 axb6 20. Rd2 Bg7 21.
a3 d3 22. Raa2 Bc3 23. b4 Bxd2 24. Rxd2 h6 25. Qa4+ Ke7 26. Qb5 Rd7 27. c5 bxc5
28. bxc5 Qa6 29. Qxa6 bxa6 30. Ne5 Rd5 31. Nxd3 Rhd8 0-1

[Event "Ruy Lopez U1400"]
[Site "Gatineau CAN"]
[Date "2022.11.15"]
[Round "3"]
[White "Godbout, Elliott"]
[Black "Gratton, Constant"]
[Result "1-0"]
[ECO "D20"]
[WhiteElo "1370"]
[BlackElo "1252"]
[PlyCount "85"]
[EventDate "2022.11.01"]
[EventType "swiss"]
[EventRounds "7"]
[EventCountry "CAN"]
[TimeControl "60+30"]

1. d4 d5 2. c4 dxc4 3. e3 Be6 4. Qc2 Nf6 5. Bxc4 Qd6 6. Bxe6 Qxe6 7. Qxc7 Qc6
8. Qxc6+ Nxc6 9. Bd2 e6 10. Nc3 Nb4 11. Rd1 Nd3+ 12. Ke2 Nxb2 13. Rb1 Ba3 14.
Nb5 Nc4 15. Nc7+ Kd7 16. Nxa8 Kc6 17. Nf3 Rxa8 18. Bb4 b5 19. Ne5+ Nxe5 20.
dxe5 Nd5 21. Bxa3 Nc3+ 22. Kd3 Nxb1 23. Rxb1 Rd8+ 24. Ke4 Rd2 25. Rb2 Rd1 26.
g3 a5 27. Rc2+ Kb6 28. Bc5+ Ka6 29. Bd4 a4 30. a3 Ra1 31. Bc5 Ka5 32. Kd3 Rd1+
33. Rd2 Rb1 34. Bb4+ Ka6 35. Ke4 Rh1 36. h4 Rc1 37. Rd7 f5+ 38. exf6 gxf6 39.
Rd6+ Kb7 40. Rxe6 Rf1 41. Rxf6 Kc7 42. Rf7+ Kd8 43. Rxh7 1-0

[Event "Ruy Lopez U1400"]
[Site "Gatineau CAN"]
[Date "2022.11.15"]
[Round "3"]
[White "Laflamme, Mathieu"]
[Black "Levesque, Sabin"]
[Result "1-0"]
[ECO "C01"]
[WhiteElo "950"]
[BlackElo "952"]
[PlyCount "69"]
[EventDate "2022.11.01"]
[EventType "swiss"]
[EventRounds "7"]
[EventCountry "CAN"]
[TimeControl "60+30"]

1. e4 e6 2. d4 Nc6 3. Nc3 Nf6 4. Bc4 Ne7 5. Nf3 d5 6. exd5 exd5 7. Bb3 Nc6 8.
O-O Bd6 9. Nxd5 Ng4 10. h3 Nxf2 11. Qe1+ Be6 12. Qxf2 O-O 13. Qh4 h6 14. Qxd8
Raxd8 15. Be3 Nb4 16. Nxb4 Bxb3 17. axb3 Bxb4 18. Rxa7 Rfe8 19. Bf4 Re2 20. c3
Bd6 21. Bxd6 Rxd6 22. Re1 Rxb2 23. Rxb7 Rg6 24. Nh4 Rc6 25. c4 g5 26. d5 Rd6
27. Nf3 g4 28. hxg4 Rg6 29. Rf1 Rxg4 30. Rf2 Rb1+ 31. Kh2 Rf4 32. Rxc7 Rxb3 33.
Re2 Rfxf3 34. gxf3 Rxf3 35. d6 1-0

[Event "Ruy Lopez U1400"]
[Site "Gatineau CAN"]
[Date "2022.11.22"]
[Round "4"]
[White "Chenard, Paul"]
[Black "Kotagbia, Fely"]
[Result "0-1"]
[ECO "C41"]
[WhiteElo "993"]
[BlackElo "950"]
[PlyCount "62"]
[EventDate "2022.11.01"]
[EventType "swiss"]
[EventRounds "7"]
[EventCountry "CAN"]
[TimeControl "60+30"]

1. e4 e5 2. Nf3 d6 3. Nc3 Bg4 4. Be2 g6 5. d4 Bg7 6. h3 Bd7 7. dxe5 dxe5 8. Bg5
Qc8 9. Nd5 f6 10. Be3 c6 11. Nb4 a5 12. Bb6 axb4 13. Qd6 Bf8 14. Qd2 c5 15.
O-O-O Qc6 16. Bxc5 Qxc5 17. Nh4 Rxa2 18. c3 Qa5 19. cxb4 Ra1+ 20. Kc2 Qa4+ 21.
b3 Ra2+ 22. Kb1 Ra1+ 23. Kb2 Qa2+ 24. Kc3 Bxb4+ 25. Kxb4 Na6+ 26. Kc3 Qa5+ 27.
Kc2 Ra2+ 28. Kb1 Rxd2 29. Rxd2 Qxd2 30. Rc1 Nb4 31. Bf1 Qa2# 0-1

[Event "Ruy Lopez U1400"]
[Site "Gatineau CAN"]
[Date "2022.11.22"]
[Round "4"]
[White "Decarufel-Lebeau, Lucas"]
[Black "Godbout, Elliott"]
[Result "0-1"]
[ECO "D35"]
[WhiteElo "1389"]
[BlackElo "1370"]
[PlyCount "90"]
[EventDate "2022.11.01"]
[EventType "swiss"]
[EventRounds "7"]
[EventCountry "CAN"]
[TimeControl "60+30"]

1. d4 d5 2. c4 e6 3. Nc3 Nf6 4. e3 Be7 5. Bd3 c5 6. e4 cxd4 7. Nb5 a6 8. Nxd4
dxe4 9. Bc2 Bb4+ 10. Bd2 Qxd4 11. Bxb4 Qxc4 12. Qd6 Nc6 13. a3 Nxb4 14. axb4
Qxc2 15. Rd1 Nd5 16. Ne2 Qc7 17. Rxd5 Qxd6 18. Rxd6 Bd7 19. Nd4 Rc8 20. Nb3 Ke7
21. Rd4 Bb5 22. Nc5 b6 23. Kd2 bxc5 24. bxc5 Rxc5 25. Ke3 Rd8 26. Rxd8 Kxd8 27.
Rd1+ Rd5 28. Rc1 f5 29. b4 g5 30. g3 Rd3+ 31. Ke2 Rc3+ 32. Kd2 Rxc1 33. Kxc1 f4
34. gxf4 gxf4 35. Kd2 Kd7 36. Kc3 e5 37. Kd2 Kd6 38. h4 Kd5 39. h5 Kd4 40. h6
e3+ 41. fxe3+ fxe3+ 42. Ke1 e2 43. Kd2 Ke4 44. Ke1 Kf3 45. Kd2 Kf2 0-1

[Event "Ruy Lopez U1400"]
[Site "Gatineau CAN"]
[Date "2022.11.22"]
[Round "4"]
[White "Gratton, Constant"]
[Black "Boutin, Michel"]
[Result "1-0"]
[ECO "C68"]
[WhiteElo "1252"]
[BlackElo "1129"]
[PlyCount "105"]
[EventDate "2022.11.01"]
[EventType "swiss"]
[EventRounds "7"]
[EventCountry "CAN"]
[TimeControl "60+30"]

1. e4 e5 2. Nf3 Nc6 3. Bb5 a6 4. Bc4 Nf6 5. Nc3 h6 6. d4 d6 7. d5 Nb8 8. a3
Nbd7 9. b4 Nb6 10. Bb3 Bg4 11. Be3 c6 12. h3 Bd7 13. Qd3 Be7 14. a4 O-O 15. a5
Nc8 16. Na4 c5 17. c3 Na7 18. Nb6 Rb8 19. Nd2 cxb4 20. cxb4 Bb5 21. Ndc4 Nc8
22. Qc2 Nxb6 23. Nxb6 Nd7 24. Ba4 Nxb6 25. Bxb6 Qd7 26. Qc7 Qe8 27. Qc2 Rc8 28.
Qb3 Rc4 29. Bxb5 Qxb5 30. O-O Rxb4 31. Qe3 f5 32. f3 Bg5 33. Qa3 fxe4 34. Bc7
Qc5+ 35. Kh1 Rc8 36. Rfc1 Bxc1 37. Rxc1 Qb5 38. Bxd6 Rb1 39. Rxb1 Qxb1+ 40. Kh2
Rc1 41. Bxe5 Rh1+ 42. Kg3 Qg1 43. Qe7 Qh2+ 44. Kf2 Qg1+ 45. Kg3 Qe1+ 46. Kg4
h5+ 47. Kg5 Qe3+ 48. Kg6 Qh6+ 49. Kf5 exf3 50. gxf3 Rxh3 51. f4 Qh7+ 52. Ke6
Re3 53. Qe8# 1-0

[Event "Ruy Lopez U1400"]
[Site "Gatineau CAN"]
[Date "2022.11.22"]
[Round "4"]
[White "Gratton, Marcel"]
[Black "Sosa, Byron"]
[Result "1-0"]
[ECO "C48"]
[WhiteElo "1102"]
[BlackElo "1092"]
[PlyCount "55"]
[EventDate "2022.11.01"]
[EventType "swiss"]
[EventRounds "7"]
[EventCountry "CAN"]
[TimeControl "60+30"]

1. e4 e5 2. Nf3 Nc6 3. Nc3 Nf6 4. Bb5 a6 5. Bxc6 dxc6 6. Nxe5 Qd4 7. Nd3 Nxe4
8. Qe2 Bf5 9. f3 O-O-O 10. fxe4 Re8 11. Nf2 Bc5 12. O-O h5 13. Qf3 Re5 14. exf5
Bd6 15. f6 g6 16. Ne2 Rxe2 17. Qxe2 Qh4 18. g3 Qxf6 19. d3 g5 20. Ne4 Qd4+ 21.
Qf2 Qg7 22. Bxg5 Be5 23. c3 f5 24. Qxf5+ Kb8 25. Bf6 Bxf6 26. Nxf6 Qe7 27. Rae1
Qf7 28. Nd7+ 1-0

[Event "Ruy Lopez U1400"]
[Site "Gatineau CAN"]
[Date "2022.11.22"]
[Round "4"]
[White "Moraga, Hernan"]
[Black "Gagne, Learry"]
[Result "1-0"]
[ECO "C01"]
[WhiteElo "1234"]
[BlackElo "1132"]
[PlyCount "115"]
[EventDate "2022.11.01"]
[EventType "swiss"]
[EventRounds "7"]
[EventCountry "CAN"]
[TimeControl "60+30"]

1. e4 e6 2. Nf3 d5 3. exd5 exd5 4. d4 Nf6 5. Bg5 Nbd7 6. Bd3 Be7 7. O-O O-O 8.
Nc3 c5 9. b3 cxd4 10. Nxd4 Re8 11. a3 Qb6 12. Nce2 Bc5 13. Be3 Ne5 14. b4 Bxd4
15. Bxd4 Qc7 16. Re1 Nxd3 17. Qxd3 Ng4 18. Ng3 Ne5 19. Qc3 Qxc3 20. Bxc3 f6 21.
f4 Nf3+ 22. gxf3 Bd7 23. Rxe8+ Rxe8 24. Bd4 b6 25. Kf2 Kf7 26. Rc1 Bb5 27. Ra1
g6 28. a4 Bc4 29. a5 bxa5 30. Rxa5 a6 31. h4 h5 32. f5 gxf5 33. Nxf5 Re2+ 34.
Kg3 Rxc2 35. Nd6+ Kg6 36. Nxc4 Rxc4 37. Bc5 d4 38. Rxa6 d3 39. Rd6 Rc3 40. Be3
Kf5 41. Bd2 Rb3 42. Rd5+ Kg6 43. b5 Kf7 44. Rd4 Ke6 45. Bb4 d2 46. Bxd2 Rxb5
47. Kf4 Rd5 48. Re4+ Kd7 49. Bc3 f5 50. Re5 Rxe5 51. Kxe5 f4 52. Kxf4 Ke6 53.
Kg5 Kf7 54. f4 Kg8 55. Kxh5 Kf7 56. Kh6 Ke6 57. Be5 Kf5 58. h5 1-0

[Event "Ruy Lopez U1400"]
[Site "Gatineau CAN"]
[Date "2022.11.22"]
[Round "4"]
[White "Piche, Danielle"]
[Black "Laflamme, Mathieu"]
[Result "0-1"]
[ECO "B18"]
[WhiteElo "989"]
[BlackElo "950"]
[PlyCount "20"]
[EventDate "2022.11.01"]
[EventType "swiss"]
[EventRounds "7"]
[EventCountry "CAN"]
[TimeControl "60+30"]

1. e4 c6 2. Nc3 d5 3. d4 dxe4 4. Nxe4 Bf5 5. Bd3 e6 6. Ne2 Nf6 7. N2g3 Qxd4 8.
Bf4 Bxe4 9. Nxe4 Nxe4 10. c3 Qxf2# 0-1

[Event "Ruy Lopez U1400"]
[Site "Gatineau CAN"]
[Date "2022.11.29"]
[Round "5"]
[White "Arvisais, Eric"]
[Black "Paradis, Emile"]
[Result "0-1"]
[ECO "C50"]
[WhiteElo "1190"]
[BlackElo "1340"]
[PlyCount "68"]
[EventDate "2022.11.01"]
[EventType "swiss"]
[EventRounds "7"]
[EventCountry "CAN"]
[TimeControl "60+30"]

1. e4 e5 2. Nf3 Nc6 3. Bc4 Bc5 4. O-O Nf6 5. Nc3 O-O 6. d3 h6 7. Bd2 a6 8. h3
b5 9. Bb3 Bb7 10. a4 Na5 11. axb5 Nxb3 12. cxb3 d6 13. Be3 Bxe3 14. fxe3 axb5
15. Nxb5 c6 16. Nc3 Qb6 17. d4 Rxa1 18. Qxa1 Ra8 19. Qd1 exd4 20. Nxd4 c5 21.
Nf5 Nxe4 22. Nxe4 Bxe4 23. Ne7+ Kf8 24. Nd5 Qc6 25. Nf4 Re8 26. Re1 g5 27. Nd3
Bxg2 28. Qh5 Kg7 29. Qg4 Bf3 30. Qc4 Bh1 31. Qg4 Qf3 32. Kh2 Rxe3 33. Rxh1 Qxg4
34. hxg4 Rxd3 0-1

[Event "Ruy Lopez U1400"]
[Site "Gatineau CAN"]
[Date "2022.11.29"]
[Round "5"]
[White "Boutin, Michel"]
[Black "Levesque, Sabin"]
[Result "1-0"]
[ECO "B07"]
[WhiteElo "1129"]
[BlackElo "962"]
[PlyCount "62"]
[EventDate "2022.11.01"]
[EventType "swiss"]
[EventRounds "7"]
[EventCountry "CAN"]
[TimeControl "60+30"]

1. e4 d6 2. Nf3 Nf6 3. d3 Nbd7 4. Nc3 e5 5. Bg5 h6 6. Bh4 Be7 7. Be2 Nf8 8. h3
Be6 9. a4 d5 10. Qd2 Ng6 11. Bxf6 Bxf6 12. g3 O-O 13. O-O-O d4 14. Nb5 a6 15.
Na3 Be7 16. Nb1 Qd7 17. a5 Rfc8 18. c3 Qa4 19. cxd4 c5 20. d5 c4 21. dxc4 Bb4
22. Nc3 Qa1+ 23. Kc2 Qxd1+ 24. Qxd1 Bd7 25. h4 Rc5 26. h5 Ne7 27. Nxe5 Be8 28.
Qd4 Rac8 29. Ra1 Bxa5 30. Rxa5 Rxa5 31. Qb6 Ba4+ 1-0

[Event "Ruy Lopez U1400"]
[Site "Gatineau CAN"]
[Date "2022.11.29"]
[Round "5"]
[White "Gagne, Learry"]
[Black "Gratton, Constant"]
[Result "1/2-1/2"]
[ECO "D20"]
[WhiteElo "1132"]
[BlackElo "1252"]
[PlyCount "127"]
[EventDate "2022.11.01"]
[EventType "swiss"]
[EventRounds "7"]
[EventCountry "CAN"]
[TimeControl "60+30"]

1. d4 d5 2. c4 dxc4 3. Nc3 e6 4. e3 Bb4 5. Qc2 Nf6 6. a3 Bxc3+ 7. bxc3 b5 8. a4
c6 9. g3 O-O 10. Bg2 Re8 11. axb5 Qb6 12. Rb1 Qc7 13. Nf3 h6 14. O-O Bd7 15.
Ne5 Nd5 16. Nxd7 Qxd7 17. bxc6 Nxc6 18. e4 Nc7 19. Qa4 Rab8 20. Bf4 Rbd8 21.
Qxc4 e5 22. dxe5 Nxe5 23. Bxe5 Rxe5 24. f4 Ree8 25. Rfd1 Qxd1+ 26. Rxd1 Rxd1+
27. Kf2 Rd2+ 28. Kf3 Ne6 29. Bf1 Red8 30. h4 Rh2 31. f5 Nf8 32. Qb3 Rhd2 33.
Bc4 R2d7 34. Bd5 Rc8 35. e5 Rdc7 36. c4 Re7 37. Qc3 Rcc7 38. f6 gxf6 39. exf6
Re8 40. Qd2 Kh7 41. Be4+ Ng6 42. h5 Rxe4 43. hxg6+ Kxg6 44. Kxe4 Rxc4+ 45. Kd5
Rg4 46. Qf2 Rg5+ 47. Ke4 a5 48. Qc2 Kxf6 49. Kf4 Kg7 50. Ke4 Rxg3 51. Qc5 Rg5
52. Qc3+ f6 53. Kf4 h5 54. Qc7+ Kg6 55. Qd8 Rg4+ 56. Kf3 a4 57. Qe8+ Kf5 58.
Qc8+ Kg6 59. Qe8+ Kg5 60. Qe3+ Kh4 61. Qe1+ Kg5 62. Qe3+ Kg6 63. Qe8+ Kg5 64.
Qe3+ 1/2-1/2

[Event "Ruy Lopez U1400"]
[Site "Gatineau CAN"]
[Date "2022.11.29"]
[Round "5"]
[White "Gratton, Marcel"]
[Black "Chenard, Paul"]
[Result "1-0"]
[ECO "C48"]
[WhiteElo "1102"]
[BlackElo "993"]
[PlyCount "87"]
[EventDate "2022.11.01"]
[EventType "swiss"]
[EventRounds "7"]
[EventCountry "CAN"]
[TimeControl "60+30"]

1. e4 e5 2. Nf3 Nc6 3. Nc3 Nf6 4. Bb5 a6 5. Bxc6 dxc6 6. Nxe5 Qe7 7. d4 Be6 8.
d5 O-O-O 9. dxe6 Rxd1+ 10. Nxd1 Qb4+ 11. Nc3 Nxe4 12. O-O Bc5 13. Nxe4 Qxe4 14.
Nxf7 Rf8 15. Ng5 Qf5 16. Be3 Bd6 17. c3 h6 18. Nf3 Qh5 19. h3 Rxf3 20. Rfe1
Rxh3 21. gxh3 Qxh3 22. e7 Bxe7 23. Bd4 Kd7 24. Re3 Qg4+ 25. Kf1 c5 26. Be5 Bh4
27. Rd1+ Kc6 28. Rde1 Qc4+ 29. R3e2 Bxf2 30. Kxf2 Qf7+ 31. Kg1 Qg6+ 32. Rg2 Qf5
33. Bxg7 Qf3 34. c4 Qf7 35. Bxh6 Qxc4 36. b3 Qd4+ 37. Be3 Qh4 38. Bf2 Qb4 39.
Rg6+ Kb5 40. Rg5 Qf4 41. Rxc5+ Kb4 42. Rc4+ Qxc4 43. bxc4 Kxc4 44. Rc1+ 1-0

[Event "Ruy Lopez U1400"]
[Site "Gatineau CAN"]
[Date "2022.11.29"]
[Round "5"]
[White "Vachon, Jean-Clement"]
[Black "Couture, Vincent"]
[Result "0-1"]
[ECO "C44"]
[WhiteElo "1133"]
[BlackElo "1357"]
[PlyCount "68"]
[EventDate "2022.11.01"]
[EventType "swiss"]
[EventRounds "7"]
[EventCountry "CAN"]
[TimeControl "60+30"]

1. e4 e5 2. Nf3 Nc6 3. d4 Qf6 4. Nc3 Nxd4 5. Nxd4 exd4 6. Nd5 Qe5 7. f3 c6 8.
Bf4 Qh5 9. Nc7+ Kd8 10. Nxa8 Bb4+ 11. Bd2 Bc5 12. b4 Bd6 13. c3 Be5 14. cxd4
Bxd4 15. Bg5+ Bf6 16. Qd6 Ne7 17. Bxf6 gxf6 18. Qc7+ Ke8 19. Qf4 Kf8 20. Qxf6
Rg8 21. a4 d5 22. Rd1 Rg6 23. Qh8+ Ng8 24. Qc3 Qh4+ 25. g3 Qe7 26. Qc5 Rd6 27.
Bd3 Nf6 28. Kf2 Nd7 29. Qc3 Ne5 30. f4 Rf6 31. exd5 Ng4+ 32. Kf3 Qe3+ 33. Kg2
Qf2+ 34. Kh3 Rh6# 0-1